 Dungeon Crawl Stone Soup version 0.30-a0-561-g1b0378597e (webtiles) character file.

Game seed: 5190922655164364747

1078 HessuHobo the Digger (level 8, 0/41 HPs)
             Began as a Gargoyle Earth Elementalist on Dec 28, 2022.
             Was a Believer of Vehumet.
             Shot with an arrow by a centaur (3 damage)
             ... on level 7 of the Dungeon.
             The game lasted 00:10:31 (7086 turns).

HessuHobo the Digger (Gargoyle Earth Elementalist)  Turns: 7086, Time: 00:10:31

Health: 0/41       AC: 10    Str: 11    XL:     8   Next: 29%
Magic:  8/15       EV: 11    Int: 19    God:    Vehumet [**....]
Gold:   288        SH:  0    Dex: 10    Spells: 11/17 levels left

rFire   . . .      SeeInvis .    t - +7 Throatcutter {drain, coup de grace}
rCold   + . .      Faith    .    (no shield)
rNeg    + . .      Spirit   .    y - +0 robe {rC+}
rPois   ∞          Reflect  .    l - +2 hat
rElec   +          Harm     .    (no cloak)
rCorr   .          Rampage  .    w - +0 pair of gloves
Will    .....                    (no boots)
Stlth   +++                      (no amulet)
HPRegen 0.26/turn                (no ring)
MPRegen 0.14/turn                (no ring)

@: very slightly contaminated
A: sickness immunity, AC +5, negative energy resistance 1, electricity
resistance, torment resistance 1, petrification resistance
a: Renounce Religion


You were on level 7 of the Dungeon.
You worshipped Vehumet.
Vehumet was pleased with you.
You visited 2 branches of the dungeon, and saw 8 of its levels.

You collected 288 gold pieces.

Inventory:

Hand Weapons
 d - a +0 dagger
 f - a +1 short sword of venom
 t - the +7 Throatcutter (weapon) {drain, coup de grace}
   (You found it on level 4 of the Dungeon)

   A truly terrible weapon, it drains the life of any living foe it strikes.
   It may instantly kill foes which have little health.
 x - a +2 dagger of flaming
Missiles
 g - 3 atropa-tipped darts
 h - 9 poisoned darts
Armour
 a - a +0 robe
 l - a +2 hat (worn)
 w - a +0 pair of gloves (worn)
 y - a +0 robe of cold resistance (worn)
Wands
 b - a wand of light (9)
Scrolls
 e - a scroll of brand weapon
 i - 3 scrolls of fog
 j - 4 scrolls of teleportation
 m - 2 scrolls of fear
 n - a scroll of poison
 p - a scroll of silence {unknown}
 q - 4 scrolls of amnesia
 A - a scroll of noise {unknown}
Potions
 c - a potion of heal wounds
 k - a potion of invisibility {unknown}
 o - 4 potions of curing
 r - a potion of mutation {unknown}
 s - 2 potions of lignification
 u - a potion of resistance {unknown}
 v - a potion of might {unknown}
 z - a potion of degeneration
 B - 2 potions of berserk rage {unknown}


   Skills:
 - Level 1.5 Dodging
 + Level 5.1 Stealth
 + Level 5.0 Spellcasting
 + Level 4.8 Conjurations
 - Level 0.7 Transmutations
 + Level 7.1 Earth Magic


You had 11 spell levels left.
You knew the following spells:

 Your Spells              Type           Power      Damage    Failure   Level
a - Sandblast             Erth           64%        2d14      1%          1
b - Stone Arrow           Conj/Erth      54%        3d10      3%          3
c - Passwall              Tmut/Erth      15%        N/A       3%          2

Your spell library contained the following spells:

 Spells                   Type           Power      Damage    Failure   Level
 Foxfire                  Conj/Fire      56%        2x1d6     4%          1
 Freeze                   Ice            16%        1d4       12%         1
 Hailstorm                Conj/Ice       14%        3d5       14%         3
 Petrify                  Tmut/Erth      19%        N/A       24%         4
 Leda's Liquefaction      Hex/Erth       9%         N/A       28%         4
 Ignite Poison            Fire/Tmut/Pois 5%         N/A       32%         3
 Call Canine Familiar     Summ           4%         N/A       36%         3
 Frozen Ramparts          Ice            8%         1d2       36%         3
 Kindle Blastsparks       Fire/Tloc/Air  8%         2d10      36%         3
 Portal Projectile        Hex/Tloc       8%         N/A       36%         3
 Dispel Undead            Necr           4%         3d7       77%         4
 Freezing Cloud           Conj/Ice/Air   5%         6-21      87%         5
 Yara's Violent Unravell  Hex/Tmut       3%         3d4       96%         5
 Death Channel            Necr           2%         N/A       100%        6
 Enfeeble                 Hex            2%         N/A       100%        7
 Cigotuvi's Dreadful Rot  Necr/Pois/Air  Unusable   N/A       N/A         2

Dungeon Overview and Level Annotations

Branches:
Dungeon (7/15)             Temple (1/1) D:4

Altars:
Ashenzari
Cheibriados
Dithmenos
Elyvilon
Gozag
Hepliaklqana
Kikubaaqudgha
Makhleb
Nemelex Xobeh
Okawaru
Qazlal
Ru
Sif Muna
Trog
Uskayaw
Vehumet
Wu Jian
Xom
Yredelemnul
Zin
The Shining One

Shops:
D:2 !   D:3 =


Innate Abilities, Weirdness & Mutations

You are immune to sickness and miasma.
Your stone body is resilient. (AC +5)
You are immune to poison.
You resist negative energy. (rN+)
You are resistant to electric shocks. (rElec)
You are resistant to unholy torment.
You are immune to petrification.


Message History

Confirm with . or Enter, or press ? or * to list all spells.
Aiming: Sandblast (safe; 1% risk of failure)
Press: ? - help, Shift-Dir - straight line, f/p - orc
Aim: an orc, wielding a +0 whip and quivering boomerangs (severely wounded, 84% to hit)
The blast of sand hits the orc!
You kill the orc!
Vehumet accepts your kill.
The kobold shouts!
You hear a shout!
The centaur wields a +0 shortbow of flaming.
It bursts into flame!
The centaur shoots an arrow.
The arrow hits you but does no damage. The kobold barely misses you.
A kobold comes into view. It is wielding a +0 club.
Casting: Sandblast (safe; 1% risk of failure)
Confirm with . or Enter, or press ? or * to list all spells.
Aiming: Sandblast (safe; 1% risk of failure)
Press: ? - help, Shift-Dir - straight line, f - kobold
Aim: a kobold, wielding a +0 short sword (80% to hit)
You miscast Sandblast.
You are very lightly contaminated with residual magic.
Nothing appears to happen.
The kobold shouts!
The centaur shoots an arrow.
The arrow closely misses you.
A kobold comes into view. It is wielding a +0 short sword.
The kobold barely misses you.
Casting: Sandblast (safe; 1% risk of failure)
Confirm with . or Enter, or press ? or * to list all spells.
Aiming: Sandblast (safe; 1% risk of failure)
Press: ? - help, Shift-Dir - straight line, f/p - kobold
Aim: a kobold, wielding a +0 short sword (80% to hit)
The blast of sand hits the kobold!
You kill the kobold!
Vehumet accepts your kill.
The centaur shoots an arrow.
The arrow hits you! The arrow burns you.
The centaur shoots an arrow.
The arrow hits you! The arrow burns you.
* * * LOW HITPOINT WARNING * * *
The centaur shoots an arrow.
The arrow closely misses you.
The centaur shoots an arrow.
The arrow hits you!
* * * LOW HITPOINT WARNING * * *
The arrow burns you.
You die...

.. ... #... #+
########
#...##.##.##@..##
#......#..c.....+
#......#.KK.....#
'......#).......#
#....)KK........#
#......#........#
'......#........#
#......##.......#
####### #.......#


You could see a kobold brigand, a centaur and 3 kobolds.

Vanquished Creatures
  A water moccasin (D:6)
  An ice beast (D:5)
  A centaur (D:6)
  2 phantoms (D:5)
  A necrophage (D:6)
  A howler monkey (D:5)
  2 hounds
  2 jellies
  2 orc priests (D:5)
  2 iguanas (D:5)
  Ijyb (D:3)
  3 orc wizards
  8 adders
  A white imp (D:5)
  2 worms (D:2)
  4 dart slugs
  21 orcs
  7 ball pythons
  3 bats (D:1)
  11 endoplasms
  4 giant cockroaches
  13 goblins
  11 hobgoblins
  3 jackals (D:1)
  3 quokkas
  3 frilled lizards
  10 kobolds
  2 rats (D:1)
125 creatures vanquished.

Notes
Turn   | Place    | Note
-------+----------+-------------------------------------------
     0 | D:1      | HessuHobo the Gargoyle Earth Elementalist began the quest
                  | for the Orb.
     0 | D:1      | Reached XP level 1. HP: 10/10 MP: 3/3
    75 | D:1      | Reached XP level 2. HP: 7/15 MP: 0/5
   510 | D:1      | Reached skill level 4 in Earth Magic
   901 | D:1      | Reached XP level 3. HP: 19/19 MP: 4/6
  1167 | D:2      | Learned a level 3 spell: Stone Arrow
  1505 | D:2      | Found Yzeroet's Distillery.
  1589 | D:2      | Reached XP level 4. HP: 24/24 MP: 4/8
  2789 | D:3      | Found an ornate altar of the Wu Jian Council.
  2790 | D:3      | Found a shimmering altar of Xom.
  2791 | D:3      | Found a glowing silver altar of Zin.
  2792 | D:3      | Found a glowing golden altar of the Shining One.
  3010 | D:3      | Found Gok Keug's Jewellery Shoppe.
  3028 | D:3      | Reached skill level 1 in Conjurations
  3417 | D:3      | Noticed Ijyb
  3430 | D:3      | HP: 1/24 [Ijyb/bolt of light (11)]
  3432 | D:3      | Killed Ijyb
  3433 | D:3      | Reached XP level 5. HP: 15/28 MP: 9/9
  3647 | D:3      | Found a sparkling altar of Nemelex Xobeh.
  3707 | D:4      | Found a staircase to the Ecumenical Temple.
  3724 | Temple   | Entered the Ecumenical Temple
  3799 | Temple   | Became a worshipper of Vehumet
  3978 | D:4      | Reached skill level 5 in Earth Magic
  4204 | D:4      | Reached * piety under Vehumet
  4204 | D:4      | Offered knowledge of Shock by Vehumet.
  4296 | D:4      | Reached XP level 6. HP: 32/32 MP: 8/11
  4473 | D:4      | Found the +7 Throatcutter {drain, coup de grace}
  4957 | D:5      | Entered Level 5 of the Dungeon
  4990 | D:5      | Learned a level 2 spell: Passwall
  5028 | D:5      | Noticed an ice beast
  5201 | D:5      | Reached XP level 7. HP: 19/36 MP: 7/12
  5320 | D:5      | Reached skill level 5 in Stealth
  5412 | D:5      | Reached skill level 6 in Earth Magic
  6681 | D:6      | Found an iron altar of Okawaru.
  6683 | D:6      | Found a burning altar of Makhleb.
  6697 | D:6      | Reached XP level 8. HP: 33/41 MP: 8/15
  6769 | D:6      | Reached ** piety under Vehumet
  6770 | D:6      | Reached skill level 5 in Spellcasting
  6770 | D:6      | Reached skill level 7 in Earth Magic
  6973 | D:6      | Offered knowledge of Foxfire by Vehumet.
  7086 | D:7      | Shot with an arrow by a centaur

Illustrated notes

Levels and vault maps discovered:
D:1:      mrwooster_arrival_arrow, layout_basic
D:2:      layout_basic, serial_shops, shop, serial_park_tiny_2,
          kennysheep_generic_room_4
D:3:      kennysheep_the_goblin_king, layout_basic,
          mainiacjoe_overflow_alcove_3, nemelex_dance_club_becter, serial_shops,
          nicolae_shop_hallway_stairs
D:4:      nicolae_cairo_tiling_large, layout_loops_ring,
          minmay_temple_entry_overgrown, minivault_26, minmay_fractal_squares_5
D:5:      layout_basic, minmay_liquid_box
D:6:      layout_gridville, chequers_temple_overflow_statue_of_worship
D:7:      layout_gridville
Temple:   nicolae_temple_great_sept

Skill      XL: |  1  2  3  4  5  6  7  8 |
---------------+-------------------------+-----
Earth Magic    | 4 5 6 7 |  7.1
Stealth        | 3 4 5 |  5.1
Conjurations   | 1 2 4 |  4.8
Spellcasting   | 3 4 5 |  5.0
Dodging        | |  1.5
Transmutations | |  0.7

Action                   |  1- 3 |  4- 6 |  7- 9 || total
-------------------------+-------+-------+-------++-------
Melee: Unarmed           |    28 |       |       ||    28
       Dagger            |     8 |       |       ||     8
       Short sword       |     4 |    21 |       ||    25
       Long sword        |       |     4 |     5 ||     9
 Cast: Sandblast         |    42 |    84 |    55 ||   181
       Stone Arrow       |       |       |     8 ||     8
  Use: Scroll            |     1 |     7 |     1 ||     9
       Potion            |       |     3 |       ||     3
 Stab: Sleeping          |     2 |       |       ||     2
Armor: Robe              |    20 |    22 |    26 ||    68
       Skin              |       |    24 |       ||    24
Dodge: Dodged            |    42 |    27 |    33 ||   102

Table legend: (Time is in decaauts)
 A = Elapsed time spent in this place.
 B = Non-inter-level travel time spent in this place.
 C = Inter-level travel time spent in this place.
 D = Time resting spent in this place.
 E = Time spent auto-exploring this place.
 F = Levels seen in this place.
 G = Mean time per level.
                   A        B        C        D        E       F      G
               +--------+--------+--------+--------+--------+-----+--------+
         Total |   7179 |   6837 |    342 |   2524 |   3451 |   8 |  897.4 |
       Dungeon |   7093 |   6764 |    329 |   2524 |   3391 |   7 | 1013.3 |
        Temple |     85 |     72 |     13 |      0 |     60 |   1 |   85.0 |
               +--------+--------+--------+--------+--------+-----+--------+

Top non-repeatable levels by time:
     D:5: 1407 daAuts
     D:2: 1370 daAuts
     D:3: 1207 daAuts
     D:4: 1181 daAuts
     D:1: 1168 daAuts
     D:6: 731 daAuts
  Temple: 85 daAuts
     D:7: 27 daAuts
